 Dungeon Sprint DCSS version 0.32-a0-42-ga30500b4d3 (webtiles) character file.

Game seed: 14697421946367629806

3675 rocky1 the Black Belt (level 10, -1/97 HPs)
             Began as an Octopode Shapeshifter on Jan 27, 2024.
             Was an Initiate of Gozag.
             Slain by a polar bear (2 damage)
             ... in the Dungeon (Sprint VII: "The Pits").
             The game lasted 00:04:18 (2312 turns).

rocky1 the Black Belt (Octopode Shapeshifter)       Turns: 2312, Time: 00:04:19

Health: -1/97      AC:  4    Str: 13    XL:     10   Next: 13%
Magic:  10/10      EV: 17    Int: 14    God:    Gozag
Gold:   2682       SH:  0    Dex: 18    Spells: 9/9 levels left

rFire   . .          .
                       - Unarmed
rCold   . . .        (no shield)
rNeg    . . .        (helmet currently unavailable)
rPois   .            (no amulet)
rElec   .            n - +3 ring of protection
rCorr   .            o - +3 ring of dexterity
SInv    .            (no ring)
Will    .....        (no ring) Stlth
                     (no ring)
HPRegen 0.36/turn    (no ring)
MPRegen 0.12/turn    (no ring)
                     (no ring)

%: no teleportation
@: berserking, beast-form, gold aura, very quick
A: beast (slay +4), almost no armour, amphibious, 8 rings, camouflage 1,
gelatinous body 1, (nimble swimmer 1), tentacles
a: Begin Untransformation, Renounce Religion, Potion Petition, Call Merchant,
Bribe Branch


You were in the Dungeon.
You worshipped Gozag.
Gozag was most pleased with you.
You were a hulking beast.
You visited 1 branch You collected 2682 gold pieces.

Inventory:

Jewellery
 n - a +3 ring of protection (left tentacle)
 o - a +3 ring of dexterity (right tentacle)
Talismans
 b - a beast talisman
 c - a flux talisman
Scrolls
 i - a scroll of blinking
 k - 2 scrolls of vulnerability
 l - 5 scrolls of amnesia
 m - a scroll of butterflies
Potions
 d - 9 potions of curing
 e - 4 potions of heal wounds
 f - 2 potions of haste
 g - 4 potions of magic
 h - 3 potions of berserk rage
 j - 2 potions of invisibility
 p - 3 potions of might


   Skills:
 + Level 4.5 Fighting
 + Level 7.5 Dodging
 + Level 15.2 Stealth
 + Level 15.9 Unarmed Combat
 + Level 9.6 Shapeshifting


You had 9 spell levels left.
You didn't know any spells.
Your spell library was empty.

Dungeon Overview and Level Annotations

Branches:
Dungeon (1/1)

Altars:
Ashenzari
Cheibriados
Dithmenos
Elyvilon
Fedhas
Gozag
Hepliaklqana
Kikubaaqudgha
Makhleb
Nemelex Xobeh
Okawaru
Qazlal
Ru
Sif Muna
Trog
Uskayaw
Vehumet
Wu Jian
Xom
Yredelemnul
Zin
The Shining One
Jiyva
Lugonu


Innate Abilities, Weirdness & Mutations

You are a hulking beast.
Your limbs bulge with bestial killing power. (Slay +4)
You cannot wear most types of armour.
You are amphibious.
You can wear up to eight rings at the same time.
Your skin changes colour to match your surroundings (Stealth+).
Your rubbery body absorbs attacks. (AC +1, EV +1)
((You are camouflaged when in or above water. (Stealth+)))
You have tentacles for arms and can constrict up to eight enemies at once.


Message History

The polar bear claws you but does no damage.
You bludgeon the polar bear!
The polar bear is lightly wounded.
The redback completely misses you. The polar bear barely misses you. x3
The redback attacks as it pursues you! The redback bites you!
You are lethally poisoned!
The redback poisons you!
You closely miss the redback. Your grab misses the redback.
Your squeeze misses the redback.
You feel extremely sick. The redback misses you.
You bludgeon the redback! You grab the redback. You squeeze the redback!
You kill the redback!
You feel very sick.
You feel better. The polar bear bites you! The polar bear misses you.
The polar bear barely misses you.
You bludgeon the polar bear!
The polar bear is heavily wounded.
The polar bear bites you!
* * * LOW HITPOINT WARNING * * *
The polar bear closely misses you. The polar bear claws you.
* * * LOW HITPOINT WARNING * * *
You barely miss the polar bear.
The polar bear is heavily wounded.
Unknown command.
You feel much better. The polar bear completely misses you.
The polar bear claws you. The polar bear misses you.
You barely miss the polar bear.
You tentacle-slap the polar bear, but do no damage.
The polar bear is heavily wounded.
The polar bear bites you.
* * * LOW HITPOINT WARNING * * *
The polar bear barely misses you. The polar bear claws you.
* * * LOW HITPOINT WARNING * * *
A red film seems to cover your vision as you go berserk!
You feel yourself moving faster!
You feel mighty! The polar bear bites you!
* * * LOW HITPOINT WARNING * * *
The polar bear claws you.
You die...
Your body crumbles into a pile of gold.

#.......##...## ##.
#...<...###...##+##..##
#.......# ##..........##
#.......###..###+###...#
#.......##))##.....##..#
##########..'...)...+..+
##########..##.....##..#
...#..[[###..###+###...#
...#..[[# ##....h.....##
...'..))# #...##h##..##
...#..))##...##...##..#
...#..))##..###...###..+
############ ##### ###


You could see a polar bear.

Vanquished Creatures
  A flayed ghost (D)
  A smoke demon (D)
  A black mamba (D)
  A cane toad (D)
  A guardian mummy (D)
  3 glass eyes (D)
  2 small abominations (D)
  4 yaks (D)
  A redback (D)
  2 water moccasins (D)
  A swamp drake (D)
  A weeping skull (D)
  A brain worm (D)
  A scorpion (D)
  A quasit (D)
  2 orc priests (D)
  An iguana (D)
  Terence (D)
  An orc wizard (D)
  An adder (D)
  3 river rats (D)
  A dart slug (D)
  2 orcs (D)
  A ball python (D)
  A giant cockroach (D)
  A goblin (D)
  5 jackals (D)
  A jackal skeleton (D)
43 creatures vanquished.

Notes
Turn   | Place    | Note
-------+----------+-------------------------------------------
     0 | D        | rocky1 the Octopode Shapeshifter began the quest for the
                  | Orb.
     0 | D        | Reached XP level 1. HP: 13/13 MP: 1/1
    22 | D        | Found a bloodstained altar of Trog.
    22 | D        | Found a shimmering blue altar of Sif Muna.
    22 | D        | Found a viscous altar of Jiyva.
    22 | D        | Found a hazy altar of Hepliaklqana.
    22 | D        | Found an opulent altar of Gozag.
    23 | D        | Found a glowing golden altar of the Shining One.
    23 | D        | Found a glowing silver altar of Zin.
    23 | D        | Found a basalt altar of Yredelemnul.
    23 | D        | Found a shimmering altar of Xom.
    23 | D        | Found an ornate altar of the Wu Jian Council.
    23 | D        | Found a sacrificial altar of Ru.
    23 | D        | Found a stormy altar of Qazlal.
    23 | D        | Found an iron altar of Okawaru.
    23 | D        | Found a sparkling altar of Nemelex Xobeh.
    23 | D        | Found a burning altar of Makhleb.
    23 | D        | Found a blossoming altar of Fedhas.
    23 | D        | Found a white marble altar of Elyvilon.
    23 | D        | Found a shadowy altar of Dithmenos.
    23 | D        | Found a snail-covered altar of Cheibriados.
    26 | D        | Found a corrupted altar of Lugonu.
    26 | D        | Found a radiant altar of Vehumet.
    27 | D        | Found an ancient bone altar of Kikubaaqudgha.
    27 | D        | Found a hide-covered altar of Uskayaw.
    27 | D        | Found a broken altar of Ashenzari.
    30 | D        | Became a worshipper of Gozag Ym Sagoz the Greedy
    69 | D        | Reached XP level 2. HP: 18/18 MP: 2/2
    74 | D        | Reached skill level 1 in Stealth
   183 | D        | Noticed a glass eye
   192 | D        | Killed a glass eye
   193 | D        | Reached XP level 3. HP: 23/24 MP: 3/3
   193 | D        | Reached XP level 4. HP: 28/29 MP: 4/4
   193 | D        | Reached XP level 5. HP: 32/34 MP: 5/5
   514 | D        | Noticed a glass eye
   514 | D        | Noticed a glass eye
   522 | D        | Killed a glass eye
   523 | D        | Reached XP level 6. HP: 39/39 MP: 6/6
   529 | D        | Killed a glass eye
   530 | D        | Reached skill level 10 in Unarmed Combat
   530 | D        | Reached XP level 7. HP: 37/45 MP: 7/7
   822 | D        | Reached skill level 10 in Stealth
   822 | D        | Reached XP level 8. HP: 17/50 MP: 8/8
  1463 | D        | Noticed a guardian mummy
  1463 | D        | Noticed a smoke demon
  1479 | D        | Killed a guardian mummy
  1480 | D        | Reached skill level 5 in Dodging
  1489 | D        | Killed a smoke demon
  1887 | D        | Noticed a flayed ghost
  1889 | D        | Noticed a yak
  1890 | D        | Noticed a yak
  1893 | D        | Noticed a yak
  1894 | D        | Noticed a yak
  1896 | D        | Killed a flayed ghost
  1897 | D        | Reached XP level 9. HP: 51/57 MP: 9/9
  1929 | D        | Reached skill level 15 in Unarmed Combat
  2086 | D        | Noticed Terence
  2098 | D        | Killed Terence
  2222 | D        | Noticed a black mamba
  2228 | D        | Noticed a cane toad
  2229 | D        | Killed a black mamba
  2230 | D        | Reached XP level 10. HP: 65/65 MP: 10/10
  2237 | D        | Killed a cane toad
  2238 | D        | Reached skill level 15 in Stealth
  2312 | D        | HP: 1/97 [polar bear (15)]
  2312 | D        | Slain by a polar bear

Illustrated notes

Levels and vault maps discovered:
D:        pitsprint [storerooms_1, entrance_room_1, metal_vault_5, armoury_1,
          mini_pit_1, grid_room_1, main_hall_1, silver_pit, the_coven_2,
          the_vestibule_1, steel_vault_3, golden_pit, hallway_of_sentries,
          crystal_vault_2, iron_vault_2, final_vault]

Skill      XL: |  1  2  3  4  5  6  7  8  9 10 |
---------------+-------------------------------+-----
Unarmed Combat | 4 7 9 10 11 14 15 | 15.9
Stealth        | 6 7 8 10 13 14 15 | 15.2
Shapeshifting  | 7 8 9 |  9.6
Dodging        | 3 4 6 7 |  7.5
Fighting       | 2 3 4 |  4.5

Action                     |  1- 3 |  4- 6 |  7- 9 | 10-12 || total
---------------------------+-------+-------+-------+-------++-------
  Melee: Unarmed           |    23 |    13 |    84 |    11 ||   131
         Tentacles         |     7 |     4 |    13 |     4 ||    28
         Constrict         |     3 |     3 |     8 |     2 ||    16
         Punch             |       |     2 |    10 |     2 ||    14
    Use: Potion            |       |       |     5 |     3 ||     8
   Stab: Sleeping          |     4 |       |     9 |       ||    13
 Armour: Skin              |     3 |     2 |    73 |    14 ||    92
  Dodge: Dodged            |     8 |       |    38 |    15 ||    61

Table legend: (Time is in decaauts)
 A = Elapsed time spent in this place.
 B = Non-inter-level travel time spent in this place.
 C = Inter-level travel time spent in this place.
 D = Time resting spent in this place.
 E = Time spent auto-exploring this place.
 F = Levels seen in this place.
 G = Mean time per level.
                   A        B        C        D        E       F      G
               +--------+--------+--------+--------+--------+-----+--------+
         Total |   2286 |   2221 |     65 |   1770 |      0 |   1 | 2286.0 |
       Dungeon |   2286 |   2221 |     65 |   1770 |      0 |   1 | 2286.0 |
               +--------+--------+--------+--------+--------+-----+--------+

Top non-repeatable levels by time:
       D: 2286 daAuts
